 Dungeon Crawl Stone Soup version 0.28-a0-1429-gf3d713df7a (webtiles) character file.

Game seed: 15021612951048043245

94 flotson the Chopper (level 4, -3/34 HPs)
             Began as a Demonspawn Gladiator on Jan 9, 2022.
             Killed from afar by Sigmund (6 damage)
             ... with a puff of flame
             ... on level 2 of the Dungeon.
             The game lasted 00:02:41 (2184 turns).

flotson the Chopper (Demonspawn Gladiator)          Turns: 2184, Time: 00:02:41

Health: -3/34      AC:  6    Str: 17    XL:     4   Next: 38%
Magic:  4/4        EV: 11    Int:  9    God:
Gold:   41         SH:  0    Dex: 14    Spells: 3/3 levels left

rFire   . . .      SeeInvis .   a - +0 war axe
rCold   + . .      Faith    .   (no shield)
rNeg    . . .      Spirit   .   g - +0 ring mail
rPois   .          Reflect  .   c - +0 helmet
rElec   .          Harm     .   (no cloak)
rCorr   .          Rampage  .   (no gloves)
Will    .....                   (no boots)
Stlth   +.........              (no amulet)
HPRegen 0.11/turn               b - ring of protection from cold
MPRegen 0.09/turn               (no ring)

@: no status effects
A: demonic magic 1
a: no special abilities


You were on level 2 of the Dungeon.
You visited 1 branch of the dungeon, and saw 2 of its levels.

You collected 41 gold pieces.

Inventory:

Hand Weapons
 a - a +0 war axe (weapon)
Missiles
 f - 14 poisoned darts (quivered)
 j - 4 boomerangs
Armour
 c - a +0 helmet (worn)
 g - a +0 ring mail (worn)
Jewellery
 b - a ring of protection from cold (left hand)
Scrolls
 e - a scroll of immolation {unknown}
 h - a scroll of noise {unknown}
 i - a scroll of identify {unknown}
 k - a scroll of teleportation {unknown}
 l - 2 scrolls of fear {unknown}


   Skills:
 + Level 2.7 Fighting
 + Level 3.2 Axes
 + Level 2.4 Throwing
 + Level 1.4 Armour
 + Level 3.2 Dodging


You had 3 spell levels left.
You didn't know any spells.
Your spell library contained the following spells:

 Spells                   Type           Power      Damage    Failure   Level
 Shock                    Conj/Air       0%         1d3       58%         1
 Conjure Flame            Conj/Fire      0%         6-21      91%         3
 Ignite Poison            Fire/Tmut/Pois 0%         N/A       91%         3
 Swiftness                Air            0%         N/A       91%         3
 Airstrike                Air            0%         N/A       100%        4
 Sticky Flame             Conj/Fire      0%         2d3       100%        4


Dungeon Overview and Level Annotations

Branches:
Dungeon (2/15)

Altars:

Annotations:
D:2 Sigmund


Innate Abilities, Weirdness & Mutations

Spells you cast may paralyse adjacent enemies.


Message History

Press: ? - help, Q - select action, (/) - cycle Shift-Dir - straight line, f/p - Sigmund
Aim: Sigmund, wielding a +0 vorpal scythe and wearing a +0 robe (heavily wounded, poisoned, 57% to hit)
You throw a poisoned dart.
The poisoned dart barely misses Sigmund.
Sigmund hits you but does no damage.
Throw: 16 darts (poison)
Press: ? - help, Q - select action, (/) - cycle Shift-Dir - straight line, f/p - Sigmund
Aim: Sigmund, wielding a +0 vorpal scythe and wearing a +0 robe (heavily wounded, poisoned, 57% to hit)
You throw a poisoned dart. The poisoned dart hits Sigmund.
Sigmund looks even sicker.
Sigmund is heavily wounded.
Sigmund closely misses you. Sigmund gestures at you while chanting.
You are confused.
You bump into the rock wall.
You bump into the rock wall.
Sigmund misses you.
You bump into the rock wall.
Sigmund barely misses you.
You feel less confused.
Sigmund laughs darkly.
Sigmund gestures at you while chanting. The puff of flame hits you!
Sigmund looks more healthy.
Sigmund gestures at you while chanting. The magic dart hits you!
* * * LOW HITPOINT WARNING * * *
Throw: 15 darts (poison)
Press: ? - help, Q - select action, (/) - cycle Shift-Dir - straight line, f/p - Sigmund
Aim: Sigmund, wielding a +0 vorpal scythe and wearing a +0 robe (almost dead, 57% to hit)
You throw a poisoned dart.
The poisoned dart closely misses Sigmund.
Sigmund gestures wildly while chanting.
Sigmund flickers and vanishes!
Deactivating autopickup; reactivate with Ctrl-A.
A magic dart appears from out of thin air!
The magic dart hits you.
* * * LOW HITPOINT WARNING * * *
A puff of flame appears from out of thin air!
The puff of flame hits you.
You die...

## ##.......##.###...#
# ##.†...###(# ##.># #
##...## #.####(.# #
##'## #.......# ####.##
#######{# #.....# #.#
######.....## #.#
.)..........#########.#
######.....#....@...{.#
#......###########
###...## #...# #...#
#.## .#


There were no monsters in sight!

Vanquished Creatures
  3 adders (D:2)
  3 worms (D:2)
  6 endoplasms
  3 giant cockroaches (D:1)
  5 hobgoblins
  5 jackals
  2 quokkas (D:2)
  5 ball pythons
  5 bats
  3 frilled lizards
  4 goblins
  7 kobolds
  4 rats
55 creatures vanquished.

Notes
Turn   | Place    | Note
-------+----------+-------------------------------------------
     0 | D:1      | flotson the Demonspawn Gladiator began the quest for the
                  | Orb.
     0 | D:1      | Reached XP level 1. HP: 16/16 MP: 1/1
   289 | D:1      | Gained mutation: Spells you cast may paralyse adjacent
                  | enemies. [demonic ancestry]
   289 | D:1      | Reached XP level 2. HP: 12/22 MP: 2/2
   922 | D:1      | Reached XP level 3. HP: 28/28 MP: 3/3
  1215 | D:2      | Reached skill level 1 in Armour
  1656 | D:2      | Reached XP level 4. HP: 31/34 MP: 4/4
  2142 | D:2      | Noticed Sigmund
  2184 | D:2      | Killed from afar by Sigmund

Illustrated notes

Levels and vault maps discovered:
D:1:      onia_arrival_mini_maze, layout_rooms
D:2:      minmay_chambers_of_ones, layout_loops_corners, uniq_sigmund

Skill      XL: |  1  2  3 |
---------------+----------+-----
Throwing       | 2 |  2.4
Axes           | 3 |  3.2
Dodging        | 3 |  3.2
Armour         | 1 |  1.4
Fighting       | |  2.7

Action                   |  1- 3 |  4- 6 || total
-------------------------+-------+-------++-------
Melee: War axe           |   111 |    39 ||   150
Throw: Dart              |     6 |     5 ||    11
       Throwing net      |       |     3 ||     3
 Stab: Sleeping          |     1 |       ||     1
Armor: Leather armour    |    12 |       ||    12
       Ring mail         |    43 |    13 ||    56
Dodge: Dodged            |    63 |    23 ||    86

Table legend: (Time is in decaauts)
 A = Elapsed time spent in this place.
 B = Non-inter-level travel time spent in this place.
 C = Inter-level travel time spent in this place.
 D = Time resting spent in this place.
 E = Time spent auto-exploring this place.
 F = Levels seen in this place.
 G = Mean time per level.
                   A        B        C        D        E       F      G
               +--------+--------+--------+--------+--------+-----+--------+
         Total |   2234 |   2205 |     29 |      0 |   1801 |   2 | 1117.0 |
       Dungeon |   2234 |   2205 |     29 |      0 |   1801 |   2 | 1117.0 |
               +--------+--------+--------+--------+--------+-----+--------+

Top non-repeatable levels by time:
     D:1: 1126 daAuts
     D:2: 1108 daAuts
